Map: Site Delta LE

Players

LiquidElazer (Elazer) - Winner!

  • Race: Zerg Zerg
  • League: Master
  • Spawn Location: 5:00

DnS

  • Race: Protoss Protoss
  • Spawn Location: 11:00

VOD

Have the link to the VOD?

Description

Time

  • Played on: Dec. 28, 2023, 5:33 a.m.
  • Length: 9:23
Show
View Real Time Build Order
Export as new Build Order

LiquidElazer Zerg - Winner!

Build Orders: Hatch First 

Get SALT Encoding   

  12  0:00  Drone  
  13  0:12  Overlord  
  13  0:17  Drone  
  14  0:30  Drone x2  
  16  0:48  Hatchery  
  15  0:51  Drone  
  15  0:55  Drone  
  17  0:58  Drone  
  18  1:09  Extractor  
  17  1:13  Spawning Pool  
  17  1:17  Drone  
  17  1:21  Drone  
  18  1:28  Drone  
  19  1:39  Drone  
  20  1:55  Overlord  
  20  2:00  Queen x2  
  25  2:01  Drone, Zergling x2  
  26  2:11  Zergling x2  
  26  2:12  Drone  
  26  2:13  Metabolic Boost  
  28  2:24  Zergling x2  
  28  2:25  Drone  
  30  2:32  Drone x2  
  30  2:36  Queen  
  34  2:43  Drone, Overlord  
  35  2:55  Hatchery  
  34  3:00  Zergling x2  
  34  3:05  Zergling x2  
  36  3:09  Drone x4  
  40  3:13  Queen  
  40  3:18  Queen  
  44  3:22  Overlord  
  44  3:29  Overlord  
  44  3:42  Drone x5  
  44  3:44  Drone x3  
  52  3:49  Overlord x2  
  52  4:06  Queen  
  52  4:07  Drone x4  
  52  4:08  Drone  
  59  4:13  Spore Crawler  
  59  4:16  Drone x4  
  62  4:19  Drone x2  
  64  4:24  Drone  
  64  4:28  Drone x4  
  69  4:31  Drone  
  69  4:33  Roach Warren  
  69  4:35  Overlord  
  69  4:45  Drone x2  
  70  4:49  Extractor  
  70  4:51  Zergling x10  
  70  4:52  Extractor  
  73  4:53  Zergling x2  
  73  4:55  Zergling x6  
  73  4:59  Zergling x2  
  77  5:02  Lair  
  76  5:18  Overlord  
  76  5:19  Drone x5  
  81  5:24  Evolution Chamber  
  81  5:25  Drone  
  81  5:28  Overlord x2  
  80  5:35  Zergling x2  
  80  5:36  Zergling x2  
  80  5:40  Overlord  
  80  5:42  Zergling x10  
  83  5:47  Zergling x8  
  84  5:51  Zergling x14  
  84  5:53  Zerg Melee Weapons Level 1  
  91  5:58  Extractor  
  91  5:59  Extractor  
  91  6:00  Extractor  
  91  6:03  Hydralisk Den  
  87  6:07  Queen  
  87  6:08  Queen x2  
  94  6:14  Overlord  
  94  6:15  Drone x7  
  94  6:16  Drone  
  98  6:27  Drone x6  
  98  6:31  Drone  
  102  6:36  Drone x2  
  102  6:38  Drone, Grooved Spines  
  104  6:44  Spore Crawler x2  
  102  6:49  Overlord x5  
  99  7:03  Spore Crawler, Hatchery  
  99  7:07  Hydralisk x7  
  104  7:14  Hydralisk x5  
  106  7:24  Overlord x3  
  106  7:29  Muscular Augments  
  106  7:34  Baneling Nest  
  105  7:40  Overlord  
  105  7:41  Queen x3  
  105  7:42  Hydralisk x7  
  124  7:51  Hydralisk x3  
  126  7:58  Hydralisk x3  
  126  8:02  Zergling x4  
  134  8:07  Zergling x4  
  136  8:17  Zergling x8  
  140  8:23  Zergling x2  
  141  8:27  Baneling x14  
  141  8:29  Zergling x6  
  130  8:57  Hydralisk x8  
Show
View Real Time Build Order
Export as new Build Order

DnS Protoss 

Build Orders: 1 Gate Expand, Phoenix Opening, Mass Phoenix 

Get SALT Encoding   

  12  0:00  Probe  
  13  0:12  Probe  
  14  0:19  Pylon  
  14  0:24  Probe  
  15  0:37  Probe (Chrono Boost)  
  15  0:40  Gateway  
  16  0:47  Probe (Chrono Boost)  
  16  0:49  Assimilator  
  17  0:52  Probe (Chrono Boost)  
  18  1:04  Probe  
  19  1:16  Probe  
  20  1:28  Nexus  
  20  1:37  Cybernetics Core  
  21  1:40  Probe  
  21  1:48  Assimilator  
  21  1:52  Probe  
  22  1:56  Pylon  
  22  2:04  Probe (Chrono Boost)  
  23  2:11  Adept (Chrono Boost)  
  26  2:16  Probe (Chrono Boost)  
  26  2:19  Stargate  
  26  2:22  Probe (Chrono Boost)  
  26  2:26  Warp Gate  
  27  2:30  Probe  
  27  2:35  Adept (Chrono Boost)  
  30  2:40  Probe  
  30  2:42  Probe  
  32  2:52  Probe  
  32  2:55  Probe  
  32  2:56  Adept  
  36  3:07  Probe  
  36  3:11  Void Ray (Chrono Boost), Probe  
  42  3:16  Pylon  
  42  3:19  Probe  
  43  3:23  Probe  
  44  3:34  Gateway  
  44  3:37  Probe x2  
  46  3:42  Phoenix  
  48  3:49  Probe  
  48  3:53  Probe  
  50  3:56  Assimilator  
  50  3:57  Stargate  
  50  3:59  Assimilator  
  50  4:01  Pylon, Probe  
  51  4:06  Probe  
  52  4:10  Phoenix  
  54  4:19  Probe x2  
  54  4:24  Nexus  
  56  4:25  Pylon  
  56  4:33  Probe  
  56  4:34  Phoenix, Probe  
  60  4:45  Probe, Phoenix (Chrono Boost)  
  63  4:46  Probe  
  63  4:51  Pylon  
  64  4:57  Probe  
  64  4:58  Probe  
  66  5:01  Phoenix (Chrono Boost)  
  66  5:04  Pylon  
  68  5:10  Probe x2  
  70  5:20  Shield Battery, Phoenix (Chrono Boost)  
  70  5:22  Probe x2  
  70  5:26  Phoenix (Chrono Boost)  
  70  5:27  Protoss Air Weapons Level 1 (Chrono Boost)  
  76  5:34  Probe x2  
  76  5:35  Zealot x2  
  80  5:40  Shield Battery  
  83  5:45  Phoenix (Chrono Boost)  
  84  5:52  Nexus  
  84  5:56  Phoenix  
  86  6:06  Forge, Twilight Council  
  86  6:13  Pylon  
  86  6:23  Pylon  
  86  6:24  Pylon  
  86  6:25  Shield Battery  
  86  6:29  Sentry  
  86  6:32  Pylon  
  85  6:34  Pylon  
  85  6:35  Adept  
  85  6:39  Charge, Probe, Phoenix x2  
  91  6:40  Probe  
  91  6:42  Protoss Ground Weapons Level 1 (Chrono Boost)  
  91  6:51  Probe  
  91  6:52  Probe  
  93  7:04  Zealot x2, Probe  
  93  7:05  Probe  
  95  7:10  Probe  
  96  7:17  Probe (Chrono Boost)  
  96  7:18  Gateway x2, Probe (Chrono Boost)  
  96  7:20  Gateway  
  96  7:22  Gateway  
  96  7:23  Probe (Chrono Boost)  
  99  7:30  Probe (Chrono Boost)  
  99  7:33  Probe x2 (Chrono Boost)  
  99  7:35  Templar Archives  
  100  7:38  Robotics Facility  
  100  7:42  Gateway  
  100  7:43  Probe  
  100  7:44  Gateway  
  101  7:57  Zealot x2  
  101  7:59  Shield Battery  
  101  8:00  Assimilator, Probe  
  101  8:01  Probe  
  101  8:05  Gateway  
  103  8:07  Gateway  
  103  8:08  Assimilator, Probe  
  104  8:13  Probe x2  
  104  8:17  High Templar x4  
  114  8:21  Archon x2, Pylon  
  114  8:25  Shield Battery  
  114  8:26  Pylon  
  114  8:30  Zealot x2, Immortal (Chrono Boost)  
  122  8:36  High Templar  
  122  8:37  High Templar  
  126  8:41  Archon, Pylon  
  126  8:52  Zealot x2  
  126  8:53  Zealot x4  
  104  8:59  Zealot  
Tags
 
Add a new tag
Caveats
  • Supply blocks, unpowered buildings, or Contaminate may cause inaccurate times.
  • Supply counts are checked every 10 seconds.